 Dungeon Crawl Stone Soup version 0.21-a0-135-g8dc100c (webtiles) character file.

62990 Arkorax the Brawler (level 15, 0/136 HPs)
             Began as a Ghoul Monk on July 18, 2017.
             Was the Champion of Cheibriados.
             Slain by Saint Roka
             ... wielding a +1 war axe of flaming
              (14 damage)
             ... on level 2 of the Orcish Mines.
             The game lasted 00:29:35 (14563 turns).

Arkorax the Brawler (Ghoul Monk)                   Turns: 14563, Time: 00:29:35

Health: 0/136      AC: 22    Str: 40    XL:     15   Next: 8%
Magic:  21/21      EV: 20    Int: 17    God:    Cheibriados [******]
Gold:   1728       SH:  0    Dex: 38    Spells: 14/14 levels left

rFire    + + .     SeeInvis +     - Unarmed
rCold    + . .     Gourm    .   (no shield)
rNeg     + + +     Faith    .   V - +2 plate armour {rF+}
rPois    ∞         Spirit   .   W - +2 hat {MR+}
rElec    +         Reflect  .   (no cloak)
rCorr    .         Harm     .   (no gloves)
MR       +++..                  a - +2 pair of boots "Quduena" {rElec MR+ Str+4 Slay+2}
Stlth    ..........             r - amulet of regeneration
HPRegen  0.00/turn              O - ring of protection from fire
MPRegen  0.17/turn              e - ring of Amizadus {Int-3 Dex+6 SInv}

@: agile, very slightly contaminated, rotting, invisible, very slow
A: rotting body, claws 1, carnivore 3, cold resistance 1, negative energy
resistance 3, inhibited regeneration, torment resistance, unbreathing
a: Bend Time, Temporal Distortion, Slouch, Step From Time, Renounce Religion


You were on level 2 of the Orcish Mines.
You worshipped Cheibriados.
Cheibriados was exalted by your worship.
You were not hungry.

You visited 3 branches of the dungeon, and saw 17 of its levels.
You also visited: Labyrinth, Ossuary and Bailey.

You collected 1728 gold pieces.

Inventory:

Armour
 a - the +2 pair of boots "Quduena" (worn) {rElec MR+ Str+4 Slay+2}
   (You found it on level 9 of the Dungeon)

   It affects your strength (+4).
   It affects your accuracy and damage with ranged weapons and melee attacks
   (+2).
   It insulates you from electricity.
   It affects your resistance to hostile enchantments.
 V - a +2 plate armour of fire resistance (worn)
 W - a +2 hat of magic resistance (worn)
 Y - a +2 shield of protection
 Z - +0 storm dragon scales
Jewellery
 e - the ring of Amizadus (right claw) {Int-3 Dex+6 SInv}
   (You found it on level 6 of the Lair of Beasts)

   [ring of see invisible]

   It affects your intelligence (-3).
   It affects your dexterity (+6).
   It lets you see invisible.
 r - an amulet of regeneration (around neck)
 v - an uncursed ring of resist corrosion
 x - the ring "Buhuzina" {rF+ Str+2 Dex+4, unknown}
   (You found it on level 6 of the Lair of Beasts)

   [ring of protection from fire]

   It affects your strength (+2).
   It affects your dexterity (+4).
   It protects you from fire.
 O - a ring of protection from fire (left claw)
 U - an uncursed ring of resist corrosion
Wands
 B - a wand of iceblast (7/15)
 H - a wand of digging (1/24)
 I - a wand of iceblast (6/15)
 J - a wand of flame (37/48)
 K - a wand of lightning (8/15)
 M - a wand of confusion (25/48)
 Q - a wand of confusion (25/48)
 T - a wand of lightning (10/15)
Scrolls
 g - 11 scrolls of remove curse
 j - a scroll of torment {unknown}
 m - 5 scrolls of enchant weapon {unknown}
 n - 9 scrolls of teleportation {unknown}
 s - 5 scrolls of fog {unknown}
 y - 3 scrolls of enchant armour {unknown}
 z - 3 scrolls of recharging {unknown}
 A - a scroll of blinking
 E - 2 scrolls of amnesia
 F - 2 scrolls of magic mapping
 G - 2 scrolls of fear
 N - 4 scrolls of immolation
 P - a scroll of silence
Potions
 d - 4 potions of brilliance
 h - 9 potions of curing
 i - 2 potions of agility
 k - 3 potions of heal wounds
 l - 4 potions of degeneration {unknown}
 o - a potion of magic
 p - 2 potions of mutation {unknown}
 q - a potion of berserk rage {unknown}
 t - 2 potions of flight {unknown}
 u - 6 potions of lignification {unknown}
 D - 2 potions of might {unknown}
 L - a potion of ambrosia {unknown}
 R - a potion of cancellation {unknown}
 X - a potion of resistance {unknown}
Books
 S - a book of Party Tricks

   Spells                             Type                      Level
   a - Summon Butterflies             Summoning                    1
   b - Apportation                    Translocation                1
   c - Lesser Beckoning               Translocation                3
   d - Tukima's Dance                 Hexes                        3
   e - Alistair's Intoxication        Transmutation/Poison         5
   f - Invisibility                   Hexes                        6
Miscellaneous
 C - a phial of floods
Comestibles
 b - 7 meat rations
 f - 5 chunks of flesh
 w - 6 royal jellies


   Skills:
 + Level 13.3 Fighting
 + Level 10.6 Armour
 - Level 5.5 Dodging
 - Level 2.1 Stealth
 + Level 2.5 Shields
 * Level 17.5 Unarmed Combat
 - Level 10.5 Invocations


You had 14 spell levels left.
You didn't know any spells.

Dungeon Overview and Level Annotations

Branches:
Dungeon (9/15)             Temple (0/1) D:5            Lair (6/6) D:8
  Swamp (0/4) Lair:3       Spider (0/4) Lair:4        Slime (0/5) Lair:6
    Orc (2/2) D:9
    Elf: Orc:2

Altars:
Ashenzari
Cheibriados
Dithmenos
Elyvilon
Hepliaklqana
Kikubaaqudgha
Makhleb
Nemelex Xobeh
Okawaru
Qazlal
Uskayaw
Vehumet
Wu Jian
Xom
Yredelemnul
Jiyva

Shops:
D:5 *   D:8 [=*   D:9 ?

Annotations:
D:3 Steforg's ghost, amateur KoCj
Orc:2 Saint Roka


Innate Abilities, Weirdness & Mutations

Your body is rotting away.
You thrive on raw meat.
You are immune to poison.
You have sharp fingernails.
You are carnivorous and can eat meat at any time.
Your flesh is cold resistant. (rC+)
You are immune to negative energy. (rN+++)
You do not regenerate when monsters are visible.
You are immune to unholy pain and torment.
You can survive without breathing.


Message History

You catch the helpless Saint Roka completely off-guard!
You eviscerate Saint Roka!!!
Saint Roka is almost dead.
Unknown command.
You catch the helpless Saint Roka completely off-guard!
You eviscerate Saint Roka!!!
Saint Roka is almost dead.
You catch the helpless orc priest completely off-guard!
You scratch the orc priest.
The orc priest is moderately wounded.
The orc priest misses you.
You scratch the orc priest.
The orc priest is heavily wounded.
You claw the orc priest!
You kill the orc priest!
Cheibriados appreciates the change of pace.
You scratch Saint Roka. You claw Saint Roka, but do no damage.
Saint Roka is almost dead.
Saint Roka hits you with a war axe of flaming!
You die...

.## # ## ##.## #.#
## #... ## #.#
#.###..##. #.#
####..... ... #.#
..8...... #.#.#
........#####o##
........##o#.#@#
.....o.)o.4o###.#
..8...o.##.## #.#
####........#####.#
#.........##.###.#
#.........#....##.#
##......<.......##.#
#..........##.## ##
#..##.....#####


You could see Saint Roka.

Vanquished Creatures
  Gastronok (Lair:3)
  An orc warlord (Orc:1)
  A dire elephant (Lair:6)
  Snorg (Lair:6)
  A minotaur (Lab)
  An ettin (Orc:2)
  Josephine (Lair:5)
  Fannar (Lair:1)
  6 hydras
  2 two-headed ogres (D:9)
  A merfolk avatar (Lair:6)
  11 death yaks (Lair:6)
  Urug (Orc:1)
  Nergalle (Lair:3)
  Sonja (Lair:3)
  An orc high priest (Orc:2)
  A sea snake (Lair:6)
  3 orc knights
  A harpy (Lair:6)
  An ugly thing (D:7)
  3 orc sorcerers
  A manticore (Lair:6)
  16 elephants
  9 black mambas
  2 rime drakes (Lair:6)
  11 spiny frogs
  7 komodo dragons
  A wind drake (Lair:6)
  4 polar bears
  Prince Ribbit (D:5)
  3 hornets (Lair:6)
  6 hippogriffs
  16 blink frogs
  21 yaks
  3 wyverns
  A redback (Lair:4)
  5 wraiths (Lair:5)
  6 basilisks
  A hungry ghost (D:8)
  4 swamp worms (Lair:3)
  4 wargs (Orc:1)
  4 porcupines
  Duvessa (D:4)
  15 water moccasins
  16 orc warriors
  An ice beast (D:8)
  2 sky beasts (D:9)
  A black bear (Lair:2)
  2 necrophages
  7 ogres
  A phantom (D:7)
  3 centaurs
  6 wolves (Lair:2)
  12 crocodiles
  10 bullfrogs
  Dowan (D:4)
  6 scorpions
  A wyvern skeleton (D:6)
  5 wights (D:7)
  2 howler monkeys (D:9)
  An electric eel (Lair:3)
  2 centaur zombies (Ossuary)
  7 bullfrog zombies
  5 crimson imps
  2 quasits
  10 hounds
  A bullfrog skeleton (D:7)
  12 orc priests
  4 jellies
  An iguana (D:7)
  18 orc wizards
  11 hell rats (Lair:5)
  4 worker ants
  2 killer bee zombies
  3 hound zombies (Ossuary)
  A hound skeleton (D:4)
  17 mummies (Ossuary)
  3 worker ant zombies
  9 gnolls
  10 adders
  6 river rats (Lair:5)
  3 shadow imps
  An ooze (D:4)
  4 adder zombies
  2 adder skeletons
  A worm (D:2)
  3 dart slugs
  5 leopard geckos
  45 orcs
  8 giant cockroaches
  3 goblins
  11 hobgoblins
  10 jackals
  20 kobolds
  7 quokkas
  2 ball pythons
  A ball python zombie (Ossuary)
  3 bats
  4 frilled lizards
  A giant cockroach zombie (Ossuary)
  2 gnoll zombies (D:6)
  2 leopard gecko zombies (Ossuary)
  6 rats
  A plant (Lair:5)
533 creatures vanquished.

Vanquished Creatures (others)
  An orc (D:4)
  8 fungi
  22 plants
  A withered plant (Ossuary)
32 creatures vanquished.

Grand Total: 565 creatures vanquished

Notes
Turn   | Place    | Note
-------+----------+-------------------------------------------
     0 | D:1      | Arkorax the Ghoul Monk began the quest for the Orb.
     0 | D:1      | Reached XP level 1. HP: 19/19 MP: 0/0
   109 | D:1      | Reached XP level 2. HP: 24/26 MP: 1/1
   733 | D:1      | Reached skill level 4 in Unarmed Combat
   733 | D:1      | Reached XP level 3. HP: 31/31 MP: 2/2
   804 | D:2      | Found a shadowy altar of Dithmenos.
  1323 | D:3      | Found a hide-covered altar of Uskayaw.
  1325 | D:3      | Noticed Steforg's ghost (amateur KoCj)
  1598 | D:3      | Reached XP level 4. HP: 39/40 MP: 3/3
  1727 | D:3      | Found a faded altar of an unknown god.
  1742 | D:3      | Became a worshipper of Cheibriados the Contemplative
  1742 | D:3      | Reached * piety under Cheibriados
  1742 | D:3      | Reached ** piety under Cheibriados
  1836 | D:3      | Reached *** piety under Cheibriados
  1846 | D:3      | Reached skill level 1 in Armour
  2040 | D:4      | Reached skill level 5 in Unarmed Combat
  2040 | D:4      | Reached XP level 5. HP: 37/46 MP: 4/4
  2479 | D:4      | Reached XP level 6. HP: 20/53 MP: 5/5
  2735 | D:4      | Noticed Duvessa
  2736 | D:4      | Noticed Dowan
  2756 | D:4      | Killed Duvessa
  2756 | D:4      | Reached skill level 5 in Fighting
  2756 | D:4      | Reached skill level 6 in Unarmed Combat
  2756 | D:4      | Reached XP level 7. HP: 59/61 MP: 6/6
  2764 | D:4      | Reached **** piety under Cheibriados
  2771 | D:4      | Killed Dowan
  3006 | D:4      | Found an ancient bone altar of Kikubaaqudgha.
  3108 | D:5      | Entered Level 5 of the Dungeon
  3219 | D:5      | Reached skill level 7 in Unarmed Combat
  3388 | D:5      | Noticed Prince Ribbit
  3408 | D:5      | Killed Prince Ribbit
  3408 | D:5      | Reached skill level 1 in Invocations
  3408 | D:5      | Reached XP level 8. HP: 51/70 MP: 7/7
  3436 | D:5      | Reached ***** piety under Cheibriados
  3452 | D:5      | Reached skill level 8 in Unarmed Combat
  3566 | D:5      | Found a staircase to the Ecumenical Temple.
  3586 | D:5      | Found Plog's General Store.
  3692 | D:5      | Found a radiant altar of Vehumet.
  3949 | D:6      | Found a sparkling altar of Nemelex Xobeh.
  4081 | D:6      | Found a shattered altar of Ashenzari.
  4240 | D:6      | Found a shimmering altar of Xom.
  4243 | D:6      | Reached XP level 9. HP: 73/78 MP: 10/10
  4246 | D:6      | Reached skill level 9 in Unarmed Combat
  4295 | D:6      | Found a sand-covered staircase.
  4306 | Ossuary  | Entered an ossuary
  4754 | D:6      | Reached skill level 10 in Unarmed Combat
  4815 | D:6      | Found a white marble altar of Elyvilon.
  4823 | D:6      | Reached ****** piety under Cheibriados
  4823 | D:6      | Reached skill level 5 in Armour
  5021 | D:7      | Noticed a red ugly thing
  5026 | D:7      | Killed a red ugly thing
  5026 | D:7      | Reached skill level 5 in Invocations
  5026 | D:7      | Reached XP level 10. HP: 23/87 MP: 1/12
  5453 | D:7      | Found a snail-covered altar of Cheibriados.
  5462 | D:7      | Found a burning altar of Makhleb.
  5462 | D:7      | Found a stormy altar of Qazlal.
  5706 | D:8      | Reached skill level 11 in Unarmed Combat
  5708 | D:8      | Found Ocvyamnu's Jewellery Boutique.
  5800 | D:8      | Found Amin's Assorted Antiques.
  5886 | D:8      | Found a staircase to the Lair.
  5910 | D:8      | Found a sparkling altar of Nemelex Xobeh.
  6113 | D:8      | Found Weamihel's Armour Emporium.
  6128 | D:8      | Identified a scroll of acquirement
  6137 | D:8      | Got a slimy scale mail
  6148 | D:8      | Identified the +5 scale mail of the Eagle {rCorr} (You acquired it on level 8 of the Dungeon)
  6392 | D:9      | Got a pair of encrusted boots
  6398 | D:9      | Identified the +2 pair of boots "Quduena" {rElec MR+ Str+4 Slay+2} (You found it on level 9 of the Dungeon)
  6402 | D:9      | Found an iron altar of Okawaru.
  6435 | D:9      | Found a staircase to the Orcish Mines.
  6487 | D:9      | Found Angic's Jewellery Emporium.
  6602 | D:9      | Noticed a two-headed ogre
  6609 | D:9      | Killed a two-headed ogre
  6618 | D:9      | Found a flagged portal.
  6701 | Bailey   | Entered a bailey
  6725 | Bailey   | Noticed an orc knight
  6741 | Bailey   | Killed an orc knight
  6741 | Bailey   | Reached skill level 12 in Unarmed Combat
  6741 | Bailey   | Reached XP level 11. HP: 25/97 MP: 7/14
  6863 | D:9      | Noticed a two-headed ogre
  6869 | D:9      | Killed a two-headed ogre
  6884 | D:9      | Found a hazy altar of Hepliaklqana.
  6884 | D:9      | Found a basalt altar of Yredelemnul.
  6914 | D:9      | Found an ornate altar of the Wu Jian Council.
  7280 | D:9      | Found Jearol's Magic Scroll Shoppe.
  7656 | Orc:1    | Entered Level 1 of the Orcish Mines
  7656 | Orc:1    | Noticed an orc knight
  7670 | D:9      | Killed an orc knight
  7798 | Orc:2    | Entered Level 2 of the Orcish Mines
  7873 | Lair:1   | Entered Level 1 of the Lair of Beasts
  7873 | Lair:1   | Noticed Fannar
  7882 | Lair:1   | Killed Fannar
  8139 | Lair:1   | Noticed a five-headed hydra
  8149 | Lair:1   | Killed a five-headed hydra
  8149 | Lair:1   | Reached skill level 13 in Unarmed Combat
  8338 | Lair:1   | Reached skill level 10 in Fighting
  8694 | Lair:2   | Reached XP level 12. HP: 93/105 MP: 17/17
  9004 | Lair:2   | Reached skill level 14 in Unarmed Combat
  9505 | Lair:3   | Noticed Nergalle
  9516 | Lair:3   | Killed Nergalle
  9700 | Lair:3   | Noticed Sonja
  9714 | Lair:3   | Killed Sonja
  9727 | Lair:3   | Noticed Gastronok
  9735 | Lair:3   | Killed Gastronok
 10045 | Lair:3   | Found a staircase to the Swamp.
 10318 | Lair:4   | Noticed a six-headed hydra
 10326 | Lair:4   | Killed a six-headed hydra
 10326 | Lair:4   | Reached XP level 13. HP: 95/116 MP: 19/19
 10352 | Lair:4   | Found a hole to the Spider Nest.
 10496 | Lair:4   | Reached skill level 15 in Unarmed Combat
 11010 | Lair:5   | Reached skill level 10 in Invocations
 11611 | Lair:5   | Noticed Josephine
 11616 | Lair:5   | Killed Josephine
 11939 | Lair:6   | Entered Level 6 of the Lair of Beasts
 11939 | Lair:6   | Found a labyrinth entrance.
 11948 | Lair:6   | Reached skill level 16 in Unarmed Combat
 11958 | Lair:6   | Reached XP level 14. HP: 94/126 MP: 6/20
 11982 | Lab      | Entered a labyrinth
 12709 | Lair:6   | Noticed a dire elephant
 12724 | Lair:6   | Killed a dire elephant
 12734 | Lair:6   | Reached skill level 10 in Armour
 12955 | Lair:6   | Reached skill level 5 in Dodging
 12989 | Lair:6   | Got a transparent tin ring
 12991 | Lair:6   | Got a coiled turquoise ring
 13003 | Lair:6   | Noticed Snorg
 13016 | Lair:6   | Killed Snorg
 13016 | Lair:6   | Reached skill level 17 in Unarmed Combat
 13097 | Lair:6   | Got a warped chain mail
 13175 | Lair:6   | Identified the +2 chain mail "Vuhateca" {+Fly Str+2} (You found it on level 6 of the Lair of Beasts)
 13184 | Lair:6   | Identified the ring of Amizadus {Int-3 Dex+6 SInv} (You found it on level 6 of the Lair of Beasts)
 13402 | Lair:6   | Found a viscous altar of Jiyva.
 13403 | Lair:6   | Found a staircase to the Slime Pits.
 13687 | Lair:4   | Reached skill level 1 in Shields
 13815 | Orc:2    | Noticed an orc warlord
 13958 | Orc:1    | Killed an orc warlord
 14329 | Orc:2    | Noticed Urug
 14346 | Orc:1    | Reached XP level 15. HP: 57/136 MP: 21/21
 14462 | Orc:1    | Killed Urug
 14528 | Orc:2    | Noticed Saint Roka
 14563 | Orc:2    | Slain by Saint Roka

Vault maps used:
D:1:      roderic_chinese_lattice_arrival
D:2:      grunt_dithmenos_smoke
D:3:      eat_drink_and_be_merry_uskayaw,
          chequers_ecumenical_altar_simple_redux, first_bread,
          minmay_misc_feat_tower, kennysheep_nondescript
D:4:      kennysheep_little_box, serial_forest, infiniplex_forest_clump_tiny,
          infiniplex_forest_clump_cross, infiniplex_forest_3_way,
          infiniplex_forest_end_3, infiniplex_forest_straight_4,
          infiniplex_forest_straight_3, infiniplex_forest_straight_4,
          uniq_duvessa
D:5:      kennysheep_mini, temple_green, serial_shops, shop_fountains,
          serial_park_tiny_pond, uniq_prince_ribbit1
D:6:      lemuel_round_altar, enter_ossuary_3, hangedman_feature_mirror,
          nemelex_spade_bored_becter
D:7:      kennysheep_spiral_hall, gammafunk_temple_overflow_forgotten
D:8:      nemelex_xobeh_ov_fountains_minmay, lair_entry_dummy, serial_shops,
          shop_statue, shop, shop
D:9:      lemuel_crystal_altar, okawaru_ov_weapons_minmay,
          gammafunk_temple_overflow_statue, serial_shops, shop, shop,
          enter_bailey_8
Lair:1:   minmay_guarded_unrand_snakebite, nicolae_quartered_pool_super,
          uniq_fannar
Lair:2:   infiniplex_staircase_pool
Lair:3:   nicolae_swamp_entry_splash_gauntlet, uniq_gastronok, uniq_nergalle,
          uniq_sonja
Lair:4:   spider_nest_entry_a, grunt_megastairs_1, infiniplex_staircase_pool_2
Lair:5:   cheibrodos_lair_river_kwai, kennysheep_abandoned_house,
          lemuel_fruit_tree, uniq_josephine
Lair:6:   gammafunk_lair_ancient_temple, dpeg_slime_entry_enclosed_altar,
          lab_entry_generic, uniq_snorg
Orc:2:    grunt_orc_cross, bh_open_orc_temple, uniq_saint_roka
Lab:      labyrinth_watery, nicolae_lab_statue, nicolae_lab_blocks,
          labyrinth_skeletal_remains, nicolae_lab_hexagon
Ossuary:  ossuary_zaba_flooded
Bailey:   bailey_axe_1, bailey

Skill      XL: |  1  2  3  4  5  6  7  8  9 10 11 12 13 14 |
---------------+-------------------------------------------+-----
Dodging        | 3 5 |  5.5
Unarmed Combat | 4 5 6 7 8 10 12 13 14 16 17 | 17.5
Fighting       | 4 5 6 8 9 10 11 12 13 | 13.3
Armour         | 1 2 3 4 5 6 7 8 9 10 | 10.6
Invocations    | 1 2 5 6 8 9 10 | 10.5
Shields        | 2 |  2.5
Stealth        | |  2.1

Action                   |  1- 3 |  4- 6 |  7- 9 | 10-12 | 13-15 || total
-------------------------+-------+-------+-------+-------+-------++-------
Melee: Unarmed           |    91 |   126 |   417 |   412 |   520 ||  1566
       Punch             |       |     5 |    25 |    32 |    72 ||   134
Invok: Slouch            |       |       |     2 |     6 |     6 ||    14
       Step From Time    |       |       |       |       |     1 ||     1
Evoke: Wand              |       |       |       |     1 |     5 ||     6
  Use: Scroll            |       |       |       |     9 |     9 ||    18
       Potion            |       |       |       |       |     5 ||     5
 Stab: Sleeping          |     3 |     2 |       |     1 |       ||     6
       Distracted        |     1 |       |       |       |       ||     1
       Invisible         |       |       |       |       |    18 ||    18
  Eat: Chunk             |     3 |     3 |     4 |    12 |    13 ||    35
Armor: Robe              |     7 |     2 |       |       |       ||     9
       Scale mail        |       |     8 |       |   193 |    96 ||   297
       Plate armour      |       |    36 |   193 |    43 |    31 ||   303
       Storm dragon scal |       |       |       |       |   153 ||   153
       Chain mail        |       |       |       |       |     1 ||     1
Dodge: Dodged            |    48 |    71 |   206 |   315 |   367 ||  1007
